 Dungeon Crawl Stone Soup version 0.28-a0-1080-g05a166d0ed (webtiles) character file.

Game seed: 3518829254217107129

702 gimp the Digger (level 7, -4/42 (50) HPs)
             Began as a Demigod Earth Elementalist on Dec 9, 2021.
             Slain by a wight (9 damage)
             ... on level 4 of the Dungeon.
             The game lasted 00:09:26 (4573 turns).

gimp the Digger (Demigod Earth Elementalist)        Turns: 4573, Time: 00:09:27

HP:   -4/42 (50)    AC:  3    Str:  9    XL:     7   Next: 16%
MP:   0/15          EV: 12    Int: 25    God:
Gold: 160           SH:  0    Dex: 14    Spells: 9/13 levels left

rFire   . . .      SeeInvis .   a - +2 dagger (venom)
rCold   . . .      Faith    .   (no shield)
rNeg    . . .      Spirit   .   b - +0 robe
rPois   .          Reflect  .   h - +0 helmet
rElec   .          Harm     .   (no cloak)
rCorr   .          Rampage  .   (no gloves)
Will    .....                   (no boots)
Stlth   ++........              (no amulet)
HPRegen 0.14/turn               (no ring)
MPRegen 0.14/turn               (no ring)

@: heavily drained
A: high mp 1, forlorn, divine attributes
a: no special abilities


You were on level 4 of the Dungeon.
You visited 1 branch of the dungeon, and saw 4 of its levels.

You collected 160 gold pieces.

Inventory:

Hand Weapons
 a - a +2 dagger of venom (weapon)
Missiles
 f - 45 stones
 j - 15 poisoned darts
Armour
 b - a +0 robe (worn)
 h - a +0 helmet (worn)
Wands
 m - a wand of flame (4)
Scrolls
 c - 2 scrolls of teleportation {unknown}
 e - 2 scrolls of enchant weapon
 i - a scroll of fear {unknown}
 k - a scroll of amnesia {unknown}
 l - 2 scrolls of blinking
Potions
 d - 3 potions of curing {unknown}
 g - a potion of haste
 n - a potion of flight {unknown}
 o - a potion of cancellation {unknown}


   Skills:
 - Level 1.7 Dodging
 - Level 1.7 Stealth
 + Level 3.5 Spellcasting
 * Level 4.0 Conjurations
 - Level 0.8 Transmutations
 * Level 5.7 Earth Magic


You had 9 spell levels left.
You knew the following spells:

 Your Spells              Type           Power      Damage    Failure   Level
a - Stone Arrow           Conj/Erth      56%        3d10      3%          3
b - Sandblast             Erth           64%        2d14      1%          1

Your spell library contained the following spells:

 Spells                   Type           Power      Damage    Failure   Level
 Passwall                 Tmut/Erth      16%        N/A       3%          2
 Animate Skeleton         Necr           8%         N/A       10%         1
 Pain                     Necr           16%        1d4       10%         1
 Petrify                  Tmut/Erth      20%        N/A       24%         4
 Vampiric Draining        Necr           4%         2d6       28%         3


Dungeon Overview and Level Annotations

Branches:
Dungeon (4/15)
 Temple: D:4-7

Shops:
D:3 ?

Annotations:
D:3 3 runed translucent doors, onionknight's ghost, amateur HOBe


Innate Abilities, Weirdness & Mutations

You have an increased reservoir of magic. (+10% MP)
You shall have no god before yourself.
Your divine heritage dramatically boosts your attributes as you level up.


Message History

The wight barely misses you.
Your Conjurations skill increases to level 4!
You now have 4/15 mp.
Casting: Stone Arrow (dangerous; 3% risk of failure)
Confirm with . or Enter, or press ? or * to list all spells.
Aiming: Stone Arrow (dangerous; 3% risk of failure)
Press: ? - help, Shift-Dir - straight line, f - wight
Aim: a wight, wielding a +3 spear and wearing a +0 robe (71% to hit)
The stone arrow hits the wight!
The wight is almost destroyed.
The wight hits you from afar with a +3 spear!
You feel drained.
You take 10 damage, and have 40/48 hp.
MASSIVE DAMAGE!!
You now have 1/15 mp.
Casting: Stone Arrow (dangerous; 3% risk of failure)
Confirm with . or Enter, or press ? or * to list all spells.
You don't have enough magic to cast this spell.
The wight hits you from afar with a +3 spear!
You feel drained.
You take 10 damage, and have 30/46 hp.
MASSIVE DAMAGE!!
Aiming: Sandblast (safe; 1% risk of failure)
Press: ? - help, Q - select action, (/) - cycle Shift-Dir - straight line, f/p - wight
Aim: a wight, wielding a +3 spear and wearing a +0 robe (almost destroyed, 82% to hit)
The blast of sand hits the wight but does no damage.
The wight is almost destroyed.
You now have 0/15 mp.
The wight hits you from afar with a +3 spear.
You feel drained.
You take 5 damage, and have 25/45 hp.
The wight barely misses you.
Aiming: Sandblast (safe; 1% risk of failure)
Press: ? - help, Q - select action, (/) - cycle Shift-Dir - straight line, f/p - wight
Aim: a wight, wielding a +3 spear and wearing a +0 robe (almost destroyed, 82% to hit)
The blast of sand hits the wight!
The wight is heavily damaged.
The wight hits you with a +0 great sword!!
* * * LOW HITPOINT WARNING * * *
You feel drained.
* * * LOW HITPOINT WARNING * * *
The wight hits you from afar with a +3 spear!
You die...

#.##.#.##...........#
#.#..#.##...........#
#######.#....###..........#
..............#...........#
..............#...........#
..............#.##.#.######
...................#.#
.............####..#.#########
.......)......zz@.>#.#.......#
..............###..#.#.......#
..............###..#.#.......#
.....................#.......#
..............####...........#
...#########..####...........#
#.................####
##.###.........#.....#
#.#.<....#...<†....##


You could see 2 wights.

Vanquished Creatures
  Sigmund (D:3)
  An ogre (D:4)
  A phantom (D:4)
  3 wights (D:4)
  A hound (D:4)
  Jessica (D:2)
  2 iguanas (D:4)
  Robin (D:2)
  5 adders
  A gnoll (D:1)
  2 worms
  5 orcs (D:3)
  3 endoplasms
  7 giant cockroaches
  18 goblins
  10 hobgoblins
  4 jackals (D:1)
  5 kobolds
  5 quokkas
  5 ball pythons
  5 bats
  5 frilled lizards
  8 rats
99 creatures vanquished.

Notes
Turn   | Place    | Note
-------+----------+-------------------------------------------
     0 | D:1      | gimp the Demigod Earth Elementalist began the quest for the
                  | Orb.
     0 | D:1      | Reached XP level 1. HP: 14/14 MP: 5/5
   136 | D:1      | Reached skill level 3 in Earth Magic
   198 | D:1      | Reached XP level 2. HP: 19/20 MP: 0/7
   780 | D:1      | Reached XP level 3. HP: 12/26 MP: 5/9
   787 | D:1      | Learned a level 3 spell: Stone Arrow
  1813 | D:2      | Noticed Jessica
  1958 | D:2      | Reached skill level 1 in Conjurations
  2008 | D:2      | Killed Jessica
  2009 | D:2      | Reached skill level 4 in Earth Magic
  2009 | D:2      | Reached XP level 4. HP: 33/33 MP: 1/10
  2165 | D:2      | Noticed Robin
  2815 | D:2      | Killed Robin
  3070 | D:3      | Found Tapodura's Magic Scroll Boutique.
  3279 | D:3      | Found a runed translucent gate.
  3279 | D:3      | Found a runed translucent gate.
  3280 | D:3      | Found a runed translucent gate.
  3283 | D:3      | Noticed onionknight's ghost (amateur HOBe)
  3477 | D:3      | Reached XP level 5. HP: 36/38 MP: 11/11
  3590 | D:3      | Noticed Sigmund
  3607 | D:3      | Killed Sigmund
  3608 | D:3      | Reached XP level 6. HP: 25/45 MP: 0/13
  4007 | D:4      | Reached skill level 5 in Earth Magic
  4075 | D:4      | Found Gagum's Antique Armour Boutique.
  4498 | D:4      | Reached XP level 7. HP: 50/50 MP: 8/15
  4573 | D:4      | Slain by a wight

Illustrated notes

Levels and vault maps discovered:
D:1:      psy_arrival_whirlpool, layout_rooms,
          dreamdust_ecumenical_altar_statues, minivault_11, minmay_pentomino_q4
D:2:      layout_loops_ring, basic_altar, wad_floor_pattern_2, uniq_robin,
          uniq_jessica
D:3:      layout_rooms, grunt_gozag_breadcrumbs, gammafunk_ghost_necromancy,
          serial_shops, nicolae_shop_stone, grunt_decor_junction, uniq_sigmund
D:4:      layout_basic, nicolae_stop_n_shop_1

Skill      XL: |  1  2  3  4  5  6  7 |
---------------+----------------------+-----
Spellcasting   | 2 3 |  3.5
Earth Magic    | 3 4 5 |  5.7
Conjurations   | 1 2 3 4 |  4.0
Dodging        | |  1.7
Stealth        | |  1.7
Transmutations | |  0.8

Action                   |  1- 3 |  4- 6 |  7- 9 || total
-------------------------+-------+-------+-------++-------
Melee: Dagger            |    36 |    47 |       ||    83
       Unarmed           |     7 |       |       ||     7
 Cast: Sandblast         |    44 |    27 |     2 ||    73
       Stone Arrow       |    18 |    33 |     5 ||    56
  Use: Scroll            |     1 |     3 |       ||     4
Armor: Robe              |    16 |     9 |       ||    25
Dodge: Dodged            |    28 |    32 |     2 ||    62

Table legend: (Time is in decaauts)
 A = Elapsed time spent in this place.
 B = Non-inter-level travel time spent in this place.
 C = Inter-level travel time spent in this place.
 D = Time resting spent in this place.
 E = Time spent auto-exploring this place.
 F = Levels seen in this place.
 G = Mean time per level.
                   A        B        C        D        E       F      G
               +--------+--------+--------+--------+--------+-----+--------+
         Total |   4577 |   4424 |    153 |    118 |   3564 |   4 | 1144.2 |
       Dungeon |   4577 |   4424 |    153 |    118 |   3564 |   4 | 1144.2 |
               +--------+--------+--------+--------+--------+-----+--------+

Top non-repeatable levels by time:
     D:2: 1708 daAuts
     D:1: 1352 daAuts
     D:3: 990 daAuts
     D:4: 525 daAuts
